 Dungeon Crawl Stone Soup version 0.17-a0-1701-gf693a3f (webtiles) character file.

133 urechis the Cudgeler (level 5, 0/57 HPs)
             Began as an Ogre Gladiator on Aug 21, 2015.
             Killed by divine providence
             ... invoked by an orc priest
              (14 damage)
             ... on level 3 of the Dungeon.
             The game lasted 00:02:46 (2068 turns).

urechis the Cudgeler (Ogre Gladiator)               Turns: 2068, Time: 00:02:46

Health: 0/57       AC:  3    Str: 21    XL:     5   Next: 16%
Magic:  5/5        EV: 10    Int:  7    God:
Gold:   167        SH:  0    Dex: 10    Spells: 0 memorised, 4 levels left

rFire  + . .     SeeInvis .     a - +0 flail
rCold  . . .     Clarity  .     b - +0 robe
rNeg   . . .     SustAt   .     (no shield)
rPois  .         Gourm    .     c - +0 hat
rElec  .         Spirit   .     (no cloak)
rCorr  +         Warding  .     (gloves unavailable)
rMut   .         Stasis   .     (boots unavailable)
MR     .....                    j - amulet of resist corrosion
Stlth  +.........               (no ring)
                                m - ring of protection from fire

@: not resistant to hostile enchantments, very unstealthy
A: unfitting armour, tough skin 1
a: no special abilities


You were on level 3 of the Dungeon.
You were not hungry.

You visited 1 branch of the dungeon, and saw 3 of its levels.

You collected 167 gold pieces.

Inventory:

Hand weapons
 a - a +0 flail (weapon)
Missiles
 d - 4 throwing nets (quivered)
Armour
 b - a +0 robe (worn)
 c - a +0 hat (worn)
Jewellery
 j - an amulet of resist corrosion (around neck)
 m - a ring of protection from fire (left hand)
Magical devices
 k - a wand of fireball (14)
Scrolls
 f - 5 scrolls of remove curse
 i - a scroll of recharging {unknown}
 l - a scroll of magic mapping {unknown}
Potions
 g - a potion of curing {unknown}
 n - a potion of magic {unknown}
Comestibles
 e - 2 bread rations
 h - a slice of pizza
 o - a chunk of flesh


   Skills:
 + Level 5.0 Fighting
 + Level 6.1 Maces & Flails
 - Level 2.1 Throwing
 - Level 2.6 Dodging


You had 4 spell levels left.
You didn't know any spells.

Dungeon Overview and Level Annotations

Branches:
Dungeon (3/15)

Altars:
Ashenzari
Gozag
Xom


Innate Abilities, Weirdness & Mutations

You are too large for most types of armour.
You have tough skin (AC +1).


Message History

The orc wizard seems to speed up.
You barely miss the orc priest. The orc priest misses you.
An orc comes into view. It is wielding a club.
You hit the orc priest.
The orc priest is lightly wounded.
The orc priest looks braver for a moment.
The orc hits you with a club.
* * * LOW HITPOINT WARNING * * *
You barely miss the orc priest.
The orc priest is lightly wounded.
The orc priest looks braver for a moment.
The orc hits you with a club.
* * * LOW HITPOINT WARNING * * *
The orc priest looks braver for a moment.
You see here a kobold corpse.
You hit the orc.
The orc is lightly wounded.
The orc priest calls down the wrath of Beogh upon you.
Something smites you!
You die...

... #.... ##...(.
#...... ## #.....
.# # #..$.##o##.#
####.....|oo..#
........#oo#
#.....@#.# ###
##.......# ..#
##.......# ..#
#...###### ..#
#...# .## #)..#
.##### #...#
.....# #...#
..#..######...####


You could see an orc priest, an orc wizard and 3 orcs.

Vanquished Creatures
  A hound (D:3)
  6 adders
  2 worms (D:2)
  2 giant geckos
  8 bats
  A giant cockroach (D:2)
  5 goblins
  6 hobgoblins
  2 jackals (D:2)
  4 kobolds
  4 giant newts
  4 rats
45 creatures vanquished.

Notes
Turn   | Place    | Note
--------------------------------------------------------------
     0 | D:1      | urechis the Ogre Gladiator began the quest for the Orb.
     0 | D:1      | Reached XP level 1. HP: 22/22 MP: 1/1
    39 | D:1      | Found a shattered altar of Ashenzari.
   149 | D:1      | Reached XP level 2. HP: 25/31 MP: 2/2
   641 | D:2      | Reached skill level 5 in Maces & Flails
   641 | D:2      | Reached XP level 3. HP: 37/39 MP: 3/3
   643 | D:2      | Found an opulent altar of Gozag.
   689 | D:2      | Found a shimmering altar of Xom.
   992 | D:2      | Reached XP level 4. HP: 48/48 MP: 4/4
  1779 | D:3      | Reached XP level 5. HP: 29/55 MP: 5/5
  1819 | D:3      | Reached skill level 6 in Maces & Flails
  2001 | D:3      | Reached skill level 5 in Fighting
  2068 | D:3      | Killed from afar by an orc priest

Vault maps used:
D:1:      lemuel_arrival_broad_hall, wad_floor_pattern_untrapped,
          serial_bayou_pond_c, nicolae_ashenzari_panopticon
D:2:      xom_butterflies, first_bread, grunt_gozag_breadcrumbs
D:3:      xom_redecorated, uniq_natasha

Action                   |  1- 3 |  4- 6 || total
-------------------------+-------+-------++-------
Melee: Flail             |    62 |    74 ||   136
  Use: Scroll            |     1 |       ||     1
 Stab: Sleeping          |     1 |       ||     1
  Eat: Chunk             |       |     4 ||     4
